Map: Nightscape LE

Players

Massa

  • Race: Terran Terran
  • League: Platinum
  • Spawn Location: 7:00

qqq

  • Race: Terran Terran
  • Spawn Location: 7:00

Magnus - Winner!

  • Race: Terran Terran
  • Spawn Location: 1:00

sal - Winner!

  • Race: Terran Terran
  • League: Diamond
  • Spawn Location: 1:00

VOD

Have the link to the VOD?

Description

Time

  • Played on: Nov. 7, 2020, 8:11 a.m.
  • Length: 12:47
Show
View Real Time Build Order
Export as new Build Order

Massa Terran 

Build Orders: Gas First Reaper Expand 

Get SALT Encoding   

  12  0:00  SCV  
  13  0:12  SCV  
  14  0:22  Supply Depot  
  14  0:24  SCV  
  15  0:31  Refinery  
  15  0:44  SCV  
  15  0:45  Barracks  
  16  0:56  SCV  
  17  1:08  SCV  
  18  1:20  SCV  
  19  1:32  Orbital Command  
  19  1:33  Reaper  
  19  1:36  Supply Depot  
  20  1:59  SCV  
  20  2:18  Factory  
  20  2:24  Barracks Reactor  
  20  2:34  Supply Depot  
  20  2:36  Command Center  
  20  2:44  Barracks  
  20  2:55  SCV  
  21  3:03  Command Center  
  21  3:05  Factory Tech Lab  
  21  3:07  SCV, Marine x2  
  24  3:19  SCV  
  24  3:36  Siege Tank  
  24  3:37  Marine x2  
  24  3:39  Barracks Tech Lab  
  29  3:43  Barracks  
  29  3:55  Marine x2  
  29  3:57  Orbital Command  
  29  3:59  SCV  
  32  4:11  SCV  
  33  4:21  Orbital Command  
  33  4:26  Engineering Bay  
  33  4:29  Starport  
  33  4:34  Barracks Tech Lab  
  33  4:35  Stimpack  
  33  4:37  Barracks  
  33  4:38  Marine  
  33  4:40  SCV  
  33  4:43  SCV  
  36  4:48  SCV  
  37  4:53  SCV  
  37  4:54  Missile Turret  
  37  4:55  SCV  
  37  4:59  Missile Turret  
  39  5:04  Missile Turret  
  39  5:06  SCV x2  
  41  5:07  SCV  
  42  5:17  Marauder, Marine  
  42  5:18  SCV x2, Marine  
  42  5:19  SCV  
  49  5:30  SCV, Terran Infantry Weapons Level 1  
  49  5:33  Refinery  
  50  5:44  Marauder x2, Marine x2  
  50  5:47  Refinery  
  56  5:50  Refinery, Missile Turret  
  56  6:00  SCV x3  
  56  6:02  Marine x2  
  61  6:12  SCV x2, Missile Turret  
  61  6:15  Starport Reactor  
  64  6:24  Orbital Command, SCV x2  
  65  6:31  Concussive Shells, Missile Turret, Combat Shield  
  65  6:33  Marauder x2  
  69  6:40  Supply Depot  
  69  6:41  Supply Depot  
  69  6:42  Supply Depot  
  69  6:44  Supply Depot  
  69  6:47  Missile Turret  
  69  7:01  SCV, Marine x2, Cyclone  
  69  7:02  SCV x2  
  69  7:07  Missile Turret, Supply Depot  
  77  7:11  Marauder x2  
  77  7:14  SCV x3  
  84  7:18  Medivac  
  84  7:19  Marine x2, Medivac  
  90  7:25  Barracks  
  90  7:26  SCV  
  90  7:29  Barracks, Missile Turret  
  91  7:32  Marauder, Marine  
  87  8:16  Barracks Tech Lab  
  87  8:21  Marauder x2  
  87  8:22  Marine  
  87  8:23  Barracks Reactor, Barracks Tech Lab  
  87  8:24  Marine  
  93  8:29  Missile Turret  
  93  8:32  SCV x3, Missile Turret  
  96  8:37  Command Center  
  96  8:38  Refinery  
  96  8:40  Refinery, Marine  
  97  8:42  Marauder x2  
  97  8:44  SCV x3  
  97  8:47  Siege Tank  
  107  8:48  Missile Turret  
  107  8:49  Marauder  
  109  8:57  Supply Depot x2  
  109  8:58  Supply Depot  
  109  8:59  Terran Infantry Armor Level 1, Supply Depot  
  109  9:18  SCV x3, Marauder, Marine x2  
  109  9:19  Marauder x2, Siege Tank  
  109  9:21  Engineering Bay, Armory, Sensor Tower  
  123  9:27  Sensor Tower  
  123  9:36  Marine  
  115  10:10  Siege Tank  
  115  10:14  Marauder x3, Marine x2  
  124  10:15  Marine x2  
  128  10:24  Supply Depot  
  128  10:32  Marine  
  128  10:35  Marauder x3  
  135  10:37  SCV x3  
  135  10:42  Siege Tank  
  141  10:45  Marine x3  
  141  10:49  SCV x3  
  147  10:50  Marine  
  147  10:57  Marauder x3  
  154  11:01  SCV x2  
  156  11:16  Armory  
  156  11:18  Supply Depot x2  
  156  11:19  Supply Depot  
  156  11:24  Supply Depot  
  156  11:26  Supply Depot  
  156  11:40  SCV x3, Marauder x3, Marine x2  
  156  11:43  Planetary Fortress  
  156  11:46  Supply Depot  
  167  11:48  Supply Depot  
  167  11:50  Medivac x2, Supply Depot x2  
  167  11:51  Supply Depot  
  167  11:52  SCV x3  
  174  11:58  Missile Turret  
  174  11:59  Siege Tank  
  174  12:00  Missile Turret  
  177  12:02  Missile Turret  
  177  12:04  SCV x3, Sensor Tower, Missile Turret  
  177  12:05  Missile Turret  
  175  12:12  Supply Depot  
  175  12:13  Supply Depot  
  175  12:14  Supply Depot  
  175  12:15  Supply Depot  
  148  12:17  Supply Depot  
  148  12:20  Marauder x3  
  148  12:21  Marine  
  126  12:27  Marine x3  
  103  12:38  Supply Depot  
  103  12:41  Supply Depot  
Show
View Real Time Build Order
Export as new Build Order

qqq Terran 

Build Orders:  

Get SALT Encoding   

  12  0:01  SCV  
  13  0:13  SCV  
  14  0:24  Supply Depot  
  14  0:25  SCV  
  15  0:34  Refinery  
  15  0:45  SCV  
  16  0:50  Barracks  
  16  0:57  SCV  
  17  1:09  SCV  
  18  1:21  SCV  
  19  1:31  Supply Depot  
  19  1:33  SCV  
  20  1:44  Command Center  
  20  1:48  Marine  
  21  2:00  Factory  
  21  2:05  SCV  
  22  2:16  Marine  
  24  2:25  Orbital Command  
  24  2:29  Refinery  
  23  2:56  SCV  
  23  2:57  SCV  
  25  3:02  Starport  
  25  3:08  SCV  
  25  3:09  SCV  
  27  3:18  Refinery  
  27  3:20  SCV  
  27  3:21  SCV  
  29  3:32  SCV  
  29  3:33  SCV  
  31  3:34  Factory Tech Lab  
  31  3:35  Armory  
  31  3:44  SCV  
  31  3:45  SCV  
  31  3:46  Starport Tech Lab  
  33  3:49  Fusion Core  
  33  3:57  SCV  
  33  4:02  Orbital Command  
  34  4:04  Refinery  
  34  4:07  Liberator  
  34  4:09  SCV  
  38  4:21  SCV  
  39  4:29  Starport  
  39  4:33  SCV  
  40  4:39  SCV  
  40  4:45  SCV  
  42  4:51  SCV  
  43  4:53  Supply Depot  
  43  5:03  SCV  
  44  5:12  Starport Tech Lab  
  44  5:14  Weapon Refit  
  44  5:15  Supply Depot, Battlecruiser  
  44  5:16  Supply Depot  
  44  5:20  SCV x2  
  52  5:32  SCV x2  
  54  5:40  Supply Depot  
  54  5:44  SCV x2  
  56  5:56  SCV x2  
  58  6:02  Supply Depot  
  58  6:08  SCV  
  58  6:09  SCV  
  60  6:13  Battlecruiser  
  66  6:19  Battlecruiser  
  66  6:20  SCV  
  66  6:24  SCV  
  75  6:32  SCV  
  75  6:36  Command Center  
  72  6:55  Terran Vehicle And Ship Armor Level 1  
  72  7:06  Engineering Bay  
  72  7:10  SCV  
  72  7:11  SCV  
  74  7:17  Battlecruiser  
  74  7:18  Starport  
  80  7:23  SCV x2  
  82  7:35  SCV x2  
  75  8:16  Battlecruiser  
  75  8:17  Starport Reactor, Command Center  
  81  8:31  Supply Depot  
  81  8:34  Command Center  
  81  8:35  SCV x2  
  83  8:47  SCV x2  
  85  8:49  Terran Ship Weapons Level 1  
  85  8:52  Battlecruiser  
  85  8:54  Supply Depot  
  91  8:59  SCV x2  
  93  9:11  SCV  
  93  9:15  Liberator  
  93  9:16  Liberator  
  100  9:18  Supply Depot  
  100  9:28  Battlecruiser  
  106  9:42  Supply Depot  
  106  10:05  Supply Depot  
  106  10:20  Raven  
  108  10:31  Supply Depot  
  108  10:32  Raven  
  110  10:43  SCV x4  
  114  10:54  Supply Depot  
  114  10:55  SCV x2  
  116  11:03  Battlecruiser  
  116  11:04  SCV  
  123  11:06  Planetary Fortress  
  123  11:13  Missile Turret  
  123  11:16  SCV  
  124  11:19  Raven  
  124  11:21  Viking  
  128  11:28  SCV  
  129  11:33  Command Center  
  129  11:34  Missile Turret  
  129  11:40  SCV  
  129  11:44  Refinery x2  
  130  11:52  SCV  
  118  12:04  SCV  
  91  12:16  SCV  
Show
View Real Time Build Order
Export as new Build Order

Magnus Terran - Winner!

Build Orders: 2 Factory, Hellion Opening, Reaper Expand, Mech 

Get SALT Encoding   

  12  0:00  SCV  
  13  0:12  SCV  
  14  0:19  Supply Depot  
  14  0:24  SCV  
  15  0:41  SCV  
  15  0:42  Barracks  
  16  0:46  Refinery  
  16  0:53  SCV  
  17  1:05  SCV  
  18  1:17  SCV  
  19  1:29  Orbital Command  
  19  1:30  Reaper  
  20  1:40  Command Center  
  20  1:48  Supply Depot  
  20  1:53  Refinery  
  20  1:55  SCV  
  21  2:05  Factory  
  21  2:10  SCV  
  22  2:22  SCV  
  23  2:28  Barracks Reactor  
  23  2:36  SCV  
  24  2:43  Factory  
  24  2:48  SCV  
  25  2:54  Orbital Command  
  25  3:00  SCV  
  26  3:09  Hellion x2  
  30  3:13  SCV  
  30  3:15  Barracks Tech Lab  
  30  3:19  SCV  
  32  3:25  SCV  
  33  3:32  SCV  
  33  3:33  Hellion x2  
  38  3:37  SCV, Infernal Pre-Igniter  
  38  3:38  Hellion  
  41  3:44  SCV  
  41  3:45  Supply Depot x2  
  42  3:49  SCV  
  42  3:55  Hellion  
  45  3:56  SCV  
  46  4:06  SCV  
  46  4:07  Hellion x2, Supply Depot  
  46  4:08  Supply Depot  
  46  4:09  SCV  
  52  4:18  SCV  
  52  4:21  SCV  
  54  4:25  Command Center  
  54  4:30  SCV  
  55  4:33  Barracks Tech Lab  
  55  4:34  SCV, Factory  
  56  4:43  SCV  
  57  4:46  SCV  
  57  4:48  Refinery  
  57  4:51  Refinery  
  58  4:55  SCV  
  58  4:58  SCV  
  58  4:59  Armory  
  60  5:00  Armory  
  60  5:01  Siege Tank  
  60  5:02  Hellion x2  
  67  5:09  SCV  
  67  5:10  SCV  
  67  5:12  Supply Depot  
  69  5:19  Supply Depot  
  69  5:20  Supply Depot  
  69  5:23  SCV x2  
  69  5:24  Barracks Reactor  
  71  5:29  Starport  
  71  5:31  Engineering Bay  
  71  5:35  SCV  
  71  5:39  Orbital Command  
  71  5:47  Thor  
  74  6:13  Thor  
  74  6:14  Terran Vehicle And Ship Armor Level 1  
  80  6:24  Missile Turret  
  76  6:46  Orbital Command  
  75  6:52  SCV x2  
  77  6:54  Thor  
  77  6:56  Medivac x2  
  87  7:04  SCV  
  88  7:09  SCV  
  88  7:10  Missile Turret  
  88  7:13  SCV  
  90  7:16  SCV  
  90  7:20  Missile Turret  
  90  7:21  SCV  
  90  7:22  Smart Servos  
  92  7:25  SCV, Thor  
  92  7:28  SCV  
  100  7:30  Refinery  
  100  7:33  Hellion x7  
  100  7:45  Siege Tank  
  100  7:46  Hellion x2  
  100  7:48  Terran Vehicle Weapons Level 1  
  89  8:08  SCV x3, Thor  
  89  8:11  Refinery  
  96  8:13  Missile Turret  
  96  8:14  Command Center  
  96  8:18  Command Center  
  96  8:20  SCV  
  97  8:27  SCV, Command Center  
  97  8:31  Viking x2  
  102  8:37  Hi-Sec Auto Tracking  
  102  8:38  SCV x2  
  102  8:39  SCV  
  105  8:43  Terran Vehicle And Ship Armor Level 2, Missile Turret  
  105  9:00  Viking  
  105  9:01  Viking  
  109  9:05  Thor  
  115  9:13  Missile Turret x2  
  115  9:15  Supply Depot  
  115  9:16  Supply Depot  
  115  9:20  Thor  
  119  9:39  Missile Turret  
  119  9:40  Missile Turret  
  119  9:42  Orbital Command x2, Sensor Tower  
  119  9:44  Sensor Tower  
  119  9:48  Hellion x2, Viking x2, Thor  
  133  10:05  SCV x3  
  133  10:06  Sensor Tower  
  136  10:14  Refinery  
  136  10:15  Refinery  
  136  10:25  Missile Turret  
  136  10:26  Neosteel Armor  
  136  10:27  Planetary Fortress, Missile Turret  
  136  10:28  Missile Turret  
  136  10:43  Thor  
  136  10:44  Thor  
  136  10:45  Command Center  
  148  10:50  Command Center  
  148  11:06  Missile Turret x2  
  148  11:21  Viking x2  
  148  11:23  Factory x2  
  152  11:38  Thor x2  
  164  11:41  Hellion x2  
  141  12:20  Hellion  
  137  12:29  Factory Tech Lab x2  
Show
View Real Time Build Order
Export as new Build Order

sal Terran - Winner!

Build Orders: Hellion Opening, Reaper Expand, Mech 

Get SALT Encoding   

  12  0:00  SCV  
  13  0:12  SCV  
  14  0:18  Supply Depot  
  14  0:24  SCV  
  15  0:40  SCV  
  15  0:41  Barracks  
  16  0:45  Refinery  
  16  0:52  SCV  
  17  1:04  SCV  
  18  1:16  SCV  
  19  1:30  Reaper  
  19  1:32  Orbital Command  
  20  1:44  Command Center  
  20  2:04  Factory  
  20  2:06  SCV  
  20  2:07  Marine  
  22  2:18  SCV  
  23  2:25  Barracks Reactor  
  23  2:33  Supply Depot  
  23  2:54  SCV  
  24  2:59  Starport  
  24  3:00  Refinery  
  24  3:05  Orbital Command  
  24  3:07  SCV  
  24  3:08  Hellion x2  
  29  3:19  SCV  
  30  3:29  Hellion  
  30  3:30  Hellion  
  30  3:31  SCV  
  30  3:32  SCV  
  36  3:43  SCV, Fusion Core  
  36  3:44  SCV  
  36  3:46  Starport Tech Lab  
  38  3:54  Hellion x2, Supply Depot  
  38  3:55  SCV  
  43  3:56  SCV  
  44  4:07  SCV  
  45  4:11  SCV  
  45  4:16  Hellion x2  
  50  4:19  SCV  
  50  4:23  SCV  
  52  4:27  Refinery  
  52  4:31  SCV  
  52  4:34  Supply Depot  
  52  4:35  SCV  
  54  4:55  SCV x2  
  54  4:56  Hellion x2  
  54  4:59  Supply Depot  
  60  5:05  Factory  
  60  5:07  SCV  
  60  5:09  SCV  
  60  5:12  Refinery, Armory  
  62  5:20  SCV  
  62  5:21  SCV, Battlecruiser  
  69  5:22  Supply Depot  
  70  5:39  Command Center  
  70  5:43  SCV  
  70  5:45  SCV  
  72  5:50  Factory Tech Lab, Armory  
  72  5:56  SCV  
  73  5:57  SCV  
  73  6:00  Factory  
  73  6:01  Widow Mine x2  
  73  6:03  Terran Vehicle Weapons Level 1  
  78  6:13  Supply Depot  
  78  6:23  Supply Depot  
  78  6:25  Infernal Pre-Igniter  
  78  6:34  SCV x2, Siege Tank  
  78  6:35  Widow Mine  
  78  6:36  Supply Depot  
  78  6:39  Supply Depot  
  85  6:41  Supply Depot  
  85  6:42  Supply Depot  
  85  6:44  Factory Tech Lab  
  85  6:45  Widow Mine  
  85  6:46  SCV x2, Supply Depot  
  89  6:49  Factory  
  89  6:50  Terran Vehicle And Ship Armor Level 1  
  89  6:59  SCV  
  89  7:00  Orbital Command  
  90  7:01  SCV  
  90  7:03  Widow Mine  
  93  7:10  Supply Depot  
  93  7:11  SCV  
  93  7:13  SCV  
  93  7:15  Widow Mine, Siege Tank  
  100  7:23  SCV  
  100  7:24  Widow Mine  
  100  7:25  Widow Mine, SCV  
  100  7:27  SCV  
  107  7:35  SCV  
  108  7:53  Siege Tank  
  108  7:54  Hellbat x2  
  115  8:02  Factory Tech Lab  
  115  8:03  SCV x3  
  114  8:06  Refinery  
  114  8:09  Terran Vehicle Weapons Level 2  
  114  8:11  Factory  
  114  8:13  Thor  
  114  8:14  Drilling Claws  
  114  8:15  Widow Mine x2  
  114  8:18  SCV x2  
  114  8:19  SCV  
  127  8:21  Refinery  
  127  8:23  Supply Depot  
  127  8:33  Thor  
  127  8:34  Widow Mine  
  135  8:42  Factory  
  135  8:43  Command Center  
  135  8:46  SCV x2, Supply Depot  
  139  8:48  Widow Mine  
  139  9:04  Thor  
  139  9:05  Widow Mine, Siege Tank  
  150  9:10  SCV x3  
  150  9:15  Terran Vehicle And Ship Armor Level 2  
  153  9:21  Supply Depot  
  153  9:22  SCV x2  
  155  9:27  SCV  
  156  9:44  Supply Depot  
  156  9:47  Factory Tech Lab, Thor, Siege Tank  
  156  9:48  Hellbat, Siege Tank  
  157  10:06  SCV, Hellbat  
  157  10:07  SCV  
  161  10:10  Supply Depot  
  161  10:13  SCV  
  159  10:19  Thor  
  163  10:22  Orbital Command  
  163  10:28  Thor  
  163  10:29  Widow Mine, Hellbat x2  
  163  10:31  Hellbat  
  163  10:34  Supply Depot  
  163  10:35  Command Center  
  169  10:39  Refinery  
  165  10:50  Widow Mine, Hellbat, Siege Tank  
  165  10:52  Hellbat  
  172  10:59  Factory  
  172  11:00  Refinery  
  172  11:03  Widow Mine  
  174  11:10  Command Center x2  
  174  11:11  Factory, Siege Tank  
  174  11:13  Siege Tank  
  180  11:32  Thor, Siege Tank  
  189  11:37  Hellbat x2  
  193  11:44  Hellbat  
  195  11:49  Factory Tech Lab  
  195  11:51  Refinery  
  180  12:14  Hellbat x2  
  180  12:15  Widow Mine x2  
Tags
 
Add a new tag
Caveats
  • Supply blocks, unpowered buildings, or Contaminate may cause inaccurate times.
  • Supply counts are checked every 10 seconds.